 Dungeon Crawl Stone Soup version 0.20.0-15-g7f486f2 (webtiles) character file.

233 Jawreze the Chopper (level 5, 0/46 HPs)
             Began as a Deep Dwarf Fighter on July 1, 2017.
             Slain by Sigmund
             ... wielding a +0 scythe
              (4 damage)
             ... on level 4 of the Dungeon.
             The game lasted 00:06:41 (2608 turns).

Jawreze the Chopper (Deep Dwarf Fighter)            Turns: 2608, Time: 00:06:42

Health: 0/46       AC:  8    Str: 20    XL:     5   Next: 74%
Magic:  4/4        EV:  8    Int:  8    God:
Gold:   104        SH:  9    Dex: 13    Spells: 4/4 levels left

rFire    . . .     SeeInvis .   a - +0 war axe
rCold    . . .     Gourm    .   c - +0 shield
rNeg     . . .     Faith    .   b - +0 scale mail
rPois    .         Spirit   .   (no helmet)
rElec    .         Reflect  .   g - scarf {cloud immunity}
rCorr    .         Harm     .   j - +0 pair of gloves
MR       .....                  (no boots)
Stlth    ..........             (no amulet)
Regen    0.0/turn               (no ring)
MPRegen  0.1/turn               (no ring)

@: lethally poisoned (0 -> -7), non-regenerating
A: damage resistance, heal wounds, sense surroundings 1, no regeneration
a: Heal Wounds


You were on level 4 of the Dungeon.
You were not hungry.

You visited 1 branch of the dungeon, and saw 4 of its levels.

You collected 104 gold pieces.

Inventory:

Hand Weapons
 a - a +0 war axe (weapon)
Armour
 b - a +0 scale mail (worn)
 c - a +0 shield (worn)
 g - a scarf of cloud immunity (worn)
 j - a +0 pair of gloves (worn)
Jewellery
 l - a +6 ring of dexterity {unknown}
 o - an uncursed ring of stealth {unknown}
 s - a +2 ring of dexterity {unknown}
Scrolls
 e - 4 scrolls of identify
 i - 4 scrolls of magic mapping
 q - 2 scrolls of recharging {unknown}
Potions
 d - a potion of might
 m - a potion of heal wounds
 n - a potion of flight {unknown}
Comestibles
 f - 2 bread rations
 h - 2 chunks of flesh
 k - a meat ration
 p - 4 fruits
 r - a royal jelly


   Skills:
 - Level 2.6 Fighting
 * Level 5.8 Axes
 - Level 3.2 Armour
 - Level 0.9 Dodging
 - Level 0.6 Stealth
 + Level 4.3 Shields


You had 4 spell levels left.
You didn't know any spells.

Dungeon Overview and Level Annotations

Branches:
Dungeon (4/15)
 Temple: D:4-7

Altars:
Ashenzari

Annotations:
D:4 Sigmund


Innate Abilities, Weirdness & Mutations

You are resistant to damage.
You can heal yourself by infusing magical energy.
You passively map a small area around you.
You do not regenerate.


Message History

Sigmund says, "You will soon forget everything."
Sigmund hits you from afar with a scythe.
The orc hits you but does no damage.
You are more poisoned.
You block the orc's attack. Sigmund barely misses you.
You hit the orc.
You kill the orc!
You closely miss the orc.
The orc hits you with a dagger of venom.
You are more poisoned.
Sigmund barely misses you. The orc hits you but does no damage.
You are lethally poisoned!
The orc priest picks up a fuming cyan potion.
You hit the orc priest but do no damage.
You hit the orc.
You kill the orc!
* * * LOW HITPOINT WARNING * * *
You feel very sick.
Sigmund hits you from afar with a scythe.
You die...

* , ,, #...... ,, , ,,,
..(.... ... * #......
.. * * #...... .. , *
....... ,.# *, , ,
.%..@ .### ,..,**
*#.o##...# ### ... * ,
#)@.##, ,..# ...
#...#(.# #.#*#.#
.......##(## #># #.# ,,
,.#..... #..# #.# #.# ,
#..... ##(####.###.#
#..... *#.(()([....#
#.........####.....####
#.....###.# ###.....)#
* . * #<# #....>.#


You could see Sigmund and an orc priest.

Vanquished Creatures
  2 orc wizards (D:4)
  5 adders
  2 oozes (D:1)
  4 worms
  A dart slug (D:1)
  5 leopard geckos
  16 orcs
  A ball python (D:2)
  3 giant cockroaches
  9 goblins
  8 hobgoblins
  2 quokkas (D:3)
  12 bats
  4 frilled lizards
  6 kobolds (D:1)
  6 rats
86 creatures vanquished.

Notes
Turn   | Place    | Note
-------+----------+-------------------------------------------
     0 | D:1      | Jawreze the Deep Dwarf Fighter began the quest for the Orb.
     0 | D:1      | Reached XP level 1. HP: 20/20 MP: 1/1
   115 | D:1      | Reached XP level 2. HP: 18/27 MP: 2/2
   183 | D:1      | Reached skill level 3 in Axes
   657 | D:1      | Reached XP level 3. HP: 13/33 MP: 3/3
  1231 | D:2      | Reached skill level 4 in Axes
  1467 | D:2      | Reached XP level 4. HP: 36/40 MP: 3/3
  1659 | D:2      | Found a shattered altar of Ashenzari.
  1981 | D:3      | Reached skill level 5 in Axes
  2124 | D:3      | Reached XP level 5. HP: 30/46 MP: 4/4
  2602 | D:4      | Noticed Sigmund
  2608 | D:4      | Slain by Sigmund

Skill      XL: |  1  2  3  4 |
---------------+-------------+-----
Axes           | 3 4 5 |  5.8
Shields        | 4 |  4.3
Fighting       | |  2.6
Armour         | |  3.2
Dodging        | |  0.9
Stealth        | |  0.6

Action                   |  1- 3 |  4- 6 || total
-------------------------+-------+-------++-------
Melee: War axe           |   142 |   142 ||   284
 Abil: Heal Wounds       |     1 |       ||     1
  Use: Scroll            |     3 |       ||     3
  Eat: Chunk             |     2 |     4 ||     6
Armor: Scale mail        |    66 |    66 ||   132
Dodge: Dodged            |    53 |    50 ||   103
Block: Shield            |    78 |    84 ||   162
